Map: Whirlwind LE (Void)

Players

PKing

  • Race: Zerg Zerg
  • League: Diamond
  • Spawn Location: 11:00

SurgicalBeef - Winner!

  • Race: Protoss Protoss
  • League: Diamond
  • Spawn Location: 1:00

VOD

Have the link to the VOD?

Description

Time

  • Played on: Nov. 28, 2016, 4:55 p.m.
  • Length: 7:41
Show
View Real Time Build Order
Export as new Build Order

PKing Zerg 

Build Orders: Hatch First 

Get SALT Encoding   

  12  0:01  Drone  
  13  0:13  Overlord  
  13  0:24  Overlord  
  13  0:31  Drone  
  14  0:45  Drone x2  
  14  0:48  Drone  
  17  1:06  Hatchery  
  17  1:09  Drone  
  17  1:11  Drone  
  18  1:26  Extractor  
  18  1:28  Spawning Pool  
  16  1:33  Drone  
  16  1:34  Drone  
  18  1:46  Drone  
  19  2:10  Drone  
  20  2:15  Hatchery  
  20  2:20  Queen x2  
  23  2:23  Drone  
  23  2:27  Drone  
  25  2:34  Drone x2  
  27  2:44  Drone x2  
  29  2:51  Overlord  
  29  2:54  Metabolic Boost  
  29  3:05  Drone x2  
  31  3:06  Drone x2  
  33  3:24  Drone  
  34  3:32  Queen  
  36  3:34  Drone x2  
  36  3:36  Extractor  
  36  3:37  Drone x3  
  36  3:38  Extractor  
  36  3:39  Zergling x8  
  43  3:57  Overlord  
  43  4:00  Overlord  
  43  4:10  Drone x2  
  43  4:11  Drone x2  
  43  4:13  Drone x2  
  49  4:19  Lair  
  49  4:45  Drone x2  
  51  4:47  Drone  
  51  4:48  Drone x3  
  54  5:05  Spore Crawler  
  53  5:16  Zergling x16  
  58  5:22  Spore Crawler  
  56  5:29  Drone  
  56  5:35  Pneumatized Carapace  
  57  5:50  Evolution Chamber, Hydralisk Den  
  57  5:51  Evolution Chamber  
  57  5:53  Extractor, Drone x2  
  57  5:54  Drone x2  
  54  6:05  Spine Crawler  
  54  6:10  Queen  
  50  6:26  Muscular Augments  
  50  6:27  Hydralisk x4  
  50  6:28  Hydralisk  
  57  6:44  Zergling x8  
  57  6:45  Zergling x4  
  20  7:10  Zergling x12  
  20  7:13  Baneling Nest  
  24  7:15  Spine Crawler  
  24  7:17  Spine Crawler  
  24  7:18  Spore Crawler  
Show
View Real Time Build Order
Export as new Build Order

SurgicalBeef Protoss - Winner!

Build Orders: 1 Gate Expand 

Get SALT Encoding   

  12  0:00  Probe (Chrono Boost)  
  13  0:11  Probe (Chrono Boost)  
  14  0:20  Pylon  
  14  0:22  Probe (Chrono Boost)  
  15  0:38  Gateway, Probe (Chrono Boost)  
  16  0:44  Assimilator  
  16  0:49  Probe (Chrono Boost)  
  17  0:59  Probe (Chrono Boost)  
  18  1:10  Probe (Chrono Boost)  
  19  1:27  Nexus  
  19  1:36  Cybernetics Core  
  19  1:39  Cybernetics Core  
  19  1:41  Probe (Chrono Boost)  
  19  1:46  Assimilator  
  20  1:52  Probe (Chrono Boost)  
  21  1:55  Pylon  
  21  2:02  Probe (Chrono Boost)  
  22  2:13  Probe (Chrono Boost)  
  23  2:17  Robotics Facility  
  23  2:21  Adept  
  25  2:25  Probe (Chrono Boost)  
  26  2:36  Probe (Chrono Boost)  
  27  2:39  Probe (Chrono Boost)  
  28  2:47  Mothership Core (Chrono Boost)  
  28  2:49  Probe (Chrono Boost)  
  31  2:51  Warp Gate  
  31  2:59  Warp Prism  
  31  3:00  Probe (Chrono Boost)  
  35  3:20  Pylon, Probe (Chrono Boost)  
  35  3:21  Probe (Chrono Boost)  
  36  3:30  Immortal  
  36  3:31  Probe (Chrono Boost), Twilight Council  
  37  3:38  Probe (Chrono Boost)  
  42  3:41  Probe (Chrono Boost)  
  43  3:53  Pylon  
  43  3:55  Probe (Chrono Boost)  
  45  3:56  Pylon, Probe (Chrono Boost)  
  45  4:04  Charge  
  45  4:05  Immortal  
  49  4:22  Probe (Chrono Boost)  
  49  4:23  Pylon  
  50  4:25  Gateway  
  50  4:27  Gateway  
  50  4:41  Gateway  
  50  4:46  Pylon  
  50  4:48  Gateway  
  50  5:11  Gateway x2  
  50  5:42  Assimilator  
  50  5:46  Assimilator  
  50  5:51  Robotics Bay  
  50  5:52  Zealot  
  50  5:53  Zealot x2  
  50  5:55  Zealot x2  
  60  6:13  Dark Shrine  
  59  6:38  Zealot x2  
  59  6:39  Zealot x3  
  69  7:03  Zealot x4  
  71  7:33  Dark Templar x3  
Tags
 
Add a new tag
Caveats
  • Supply blocks, unpowered buildings, or Contaminate may cause inaccurate times.
  • Supply counts are checked every 10 seconds.